 Dungeon Crawl Stone Soup version 0.28-a0-1447-ga5a8893891 (webtiles) character file.

Game seed: 651836744634379627

611 shadowrider38 the Sneak (level 7, -1/54 HPs)
             Began as a Vampire Enchanter on Jan 11, 2022.
             Slain by a centaur warrior zombie (8 damage)
             ... on level 5 of the Dungeon.
             The game lasted 00:35:07 (8372 turns).

shadowrider38 the Sneak (Vampire Enchanter)         Turns: 8372, Time: 00:35:08

Health: -1/54      AC: 14    Str:  7    XL:     7   Next: 20%
Magic:  10/10      EV:  8    Int: 17    God:
Gold:   272        SH:  0    Dex: 17    Spells: 8/10 levels left

rFire   . . .      SeeInvis +   a - +2 dagger (venom)
rCold   . . .      Faith    .   (no shield)
rNeg    . . .      Spirit   .   p - +2 scale mail {Will+}
rPois   .          Reflect  .   n - +1 helmet
rElec   .          Harm     .   (no cloak)
rCorr   .          Rampage  .   (no gloves)
Will    +....                   (no boots)
Stlth   ++........              (no amulet)
HPRegen 0.38/turn               f - +4 ring of protection
MPRegen 0.12/turn               (no ring)

@: healing quickly
A: alive, fangs 3, see invisible, vampiric 2
a: Exsanguinate


You were on level 5 of the Dungeon.
You visited 1 branch of the dungeon, and saw 6 of its levels.

You collected 272 gold pieces.

Inventory:

Hand Weapons
 a - a +2 dagger of venom (weapon)
Missiles
 d - 108 stones (quivered)
Armour
 n - a +1 helmet (worn)
 p - a +2 scale mail of willpower (worn)
Jewellery
 f - a +4 ring of protection (left hand)
Wands
 l - a wand of charming (11)
 o - a wand of iceblast (4)
Scrolls
 b - a scroll of fear
 e - 2 scrolls of immolation
 g - a scroll of fog
 h - a scroll of summoning {unknown}
 q - a scroll of silence {unknown}
 r - a scroll of brand weapon {unknown}
 t - a scroll of amnesia {unknown}
 u - a scroll of torment {unknown}
Potions
 c - a potion of invisibility
 i - a potion of haste
 j - 2 potions of attraction
 s - 2 potions of curing


   Skills:
 - Level 4.0 Fighting
 + Level 5.0 Short Blades
 - Level 4.0 Dodging
 - Level 5.0 Stealth
 - Level 2.0 Spellcasting
 - Level 4.4 Hexes
 - Level 2.0 Evocations


You had 8 spell levels left.
You knew the following spells:

 Your Spells              Type           Power      Damage    Failure   Level
a - Ensorcelled Hibernat  Hex/Ice        18%        N/A       85%         2

Your spell library contained the following spells:

 Spells                   Type           Power      Damage    Failure   Level
 Confusing Touch          Hex            16%        N/A       78%         3
 Tukima's Dance           Hex            16%        N/A       78%         3
 Dazzling Flash           Conj/Hex       18%        N/A       97%         3
 Portal Projectile        Hex/Tloc       18%        N/A       97%         3
 Olgreb's Toxic Radiance  Pois           1%         N/A       100%        4
 Conjure Ball Lightning   Conj/Air       0%         3x3d6     100%        6
 Ozocubu's Refrigeration  Ice            0%         4d5       100%        7
 Discord                  Hex            8%         N/A       100%        8
 Disjunction              Tloc           0%         N/A       100%        8
 Ignition                 Fire           0%         3d3       100%        8


Dungeon Overview and Level Annotations

Branches:
Dungeon (6/15)             Temple (0/1) D:5

Altars:

Shops:
D:2 :[   D:6 *

Annotations:
D:2 Jessica
D:3 Pargi; Sigmund
D:4 3 runed translucent doors, exclusion: two-headed ogre, riojii's ghost, amateur DrWr
D:5 1 runed translucent door, exclusion: yak, Crazy Yiuf; Eustachio; Menkaure; Prince Ribbit
D:6 exclusion: water moccasin


Innate Abilities, Weirdness & Mutations

Your natural rate of healing is accelerated.
You have razor-sharp teeth.
You have supernaturally acute eyesight. (SInv)
You are afflicted with vampirism and can become a bat while bloodless.


Message History

The centaur warrior zombie struggles against the net.
You hit the centaur warrior zombie. You bite the centaur warrior zombie.
The centaur warrior zombie is almost destroyed.
The centaur warrior zombie struggles against the net.
You hit the centaur warrior zombie.
The centaur warrior zombie is almost destroyed.
The centaur warrior zombie struggles against the net.
You hit the centaur warrior zombie.
The centaur warrior zombie is almost destroyed.
The centaur warrior zombie struggles against the net.
The net rips apart, and the centaur warrior zombie comes free!
You hit the centaur warrior zombie.
The centaur warrior zombie is almost destroyed.
The centaur warrior zombie hits you but does no damage.
The centaur warrior zombie kicks you.
* * * LOW HITPOINT WARNING * * *
Throw: throwing net
Press: ? - help, Shift-Dir - straight line, f/p - centaur warrior zombie
Aim: a centaur warrior zombie (almost destroyed, 86% to hit)
You throw a throwing net.
The throwing net hits the centaur warrior zombie.
The centaur warrior zombie is caught in the net!
The centaur warrior zombie is almost destroyed.
The centaur warrior zombie struggles against the net.
You hit the centaur warrior zombie.
The centaur warrior zombie is almost destroyed.
The centaur warrior zombie struggles against the net.
You hit the centaur warrior zombie.
The centaur warrior zombie is almost destroyed.
The centaur warrior zombie struggles against the net.
You hit the centaur warrior zombie.
The centaur warrior zombie is almost destroyed.
The centaur warrior zombie struggles against the net.
You hit the centaur warrior zombie but do no damage.
You bite the centaur warrior zombie, but do no damage.
The centaur warrior zombie is almost destroyed.
The centaur warrior zombie struggles against the net.
The net rips apart, and the centaur warrior zombie comes free!
The centaur warrior zombie hits you!
You die...

#
#.#.######...#######....[.
#............# ##.....
###########.## #.####
############# ### #.#
#...>.......# #.#
...#########.# #.# #.# #.#
### #.############ #.# ...
#.#.Z@.......# #.#
#.#.#####.#.########.# #.#
###.##......#..# #.####.#
...#########.### #......#
##...........# ########
#############


You could see a centaur warrior zombie.

Vanquished Creatures
  An ogre (D:4)
  A scorpion (D:4)
  A water moccasin skeleton (D:4)
  A jelly (D:5)
  An orc priest (D:4)
  A centaur skeleton (D:5)
  An iguana (D:1)
  Natasha (thrice) (D:3 D:2)
  An orc wizard (D:4)
  Robin (D:2)
  2 gnolls (D:3)
  6 adders
  2 dart slugs
  2 worms
  8 orcs
  6 endoplasms
  4 giant cockroaches
  15 goblins
  13 hobgoblins
  7 quokkas
  8 ball pythons
  8 bats
  A frilled lizard (D:2)
  6 kobolds
  4 rats
104 creatures vanquished.

Notes
Turn   | Place    | Note
-------+----------+-------------------------------------------
     0 | D:1      | shadowrider38 the Vampire Enchanter began the quest for the
                  | Orb.
     0 | D:1      | Reached XP level 1. HP: 13/13 MP: 3/3
    29 | D:1      | Found a faded altar of an unknown god.
   566 | D:1      | Got the Handbook of Bewitchment
   830 | D:1      | Reached XP level 2. HP: 18/19 MP: 5/5
   853 | D:1      | Reached skill level 5 in Stealth
  1295 | D:2      | Noticed Robin
  1627 | D:2      | Found Tothroz's Antique Armour Boutique.
  1977 | D:2      | Noticed Jessica
  2027 | D:2      | Gained mutation: You are afflicted with vampirism and can
                  | become a bat while bloodless. [Vampire growth]
  2027 | D:2      | Reached XP level 3. HP: 24/24 MP: 6/6
  2085 | D:2      | Found Cetu's Book Emporium.
  2863 | D:2      | Killed Robin
  3499 | D:2      | Reached XP level 4. HP: 22/31 MP: 7/7
  3553 | D:3      | Reached skill level 1 in Fighting
  3643 | D:3      | Noticed Natasha
  3671 | D:3      | Killed Natasha
  3691 | D:3      | Learned a level 2 spell: Ensorcelled Hibernation
  3797 | D:3      | Noticed Sigmund
  3892 | D:4      | Noticed an ogre
  4000 | D:5      | Entered Level 5 of the Dungeon
  4053 | D:5      | Noticed a yak
  4306 | D:3      | Reached XP level 5. HP: 37/38 MP: 8/8
  4952 | D:4      | Noticed a two-headed ogre
  5387 | D:3      | Noticed Natasha
  5412 | D:3      | Killed Natasha
  5413 | D:3      | Reached skill level 1 in Evocations
  5480 | D:3      | Noticed Natasha
  5868 | D:2      | Killed Natasha
  5869 | D:2      | Reached XP level 6. HP: 38/44 MP: 9/9
  5928 | D:3      | Noticed Pargi
  5951 | D:4      | Found a runed translucent gate.
  6042 | D:4      | Found a runed translucent gate.
  6055 | D:4      | Found a runed translucent gate.
  6059 | D:4      | Noticed riojii's ghost (amateur DrWr)
  7025 | D:5      | Noticed Menkaure
  7030 | D:5      | Noticed Prince Ribbit
  7181 | D:5      | Reached XP level 7. HP: 51/54 MP: 10/10
  7318 | D:5      | Found a runed translucent door.
  7319 | D:5      | Noticed Crazy Yiuf
  7393 | D:5      | Noticed Eustachio
  7532 | D:6      | Found Nezomeho's Assorted Antiques.
  8153 | D:5      | Reached skill level 5 in Short Blades
  8220 | D:5      | Found a staircase to the Ecumenical Temple.
  8372 | D:5      | Slain by a centaur warrior zombie

Illustrated notes

Levels and vault maps discovered:
D:1:      dpeg_arrival_tiny_a, layout_basic, basic_ecumenical_altar,
          hangedman_feature_mirror, minivault_14, minmay_misc_feat_diagonals
D:2:      layout_basic, serial_shops, nicolae_shop_hallway_plus, shop,
          uniq_jessica, uniq_robin
D:3:      layout_rooms, minmay_misc_feat_encased, kennysheep_generic_room_6,
          uniq_pargi, uniq_sigmund, uniq_natasha
D:4:      layout_basic, ebering_ghost_rock_garden
D:5:      layout_loops_ring, temple_hall, portal_sewer_entry_f, uniq_menkaure,
          uniq_prince_ribbit1, uniq_eustachio, uniq_crazy_yiuf_cottage
D:6:      layout_basic, serial_shops, nicolae_shop_trees

Skill      XL: |  1  2  3  4  5  6  7 |
---------------+----------------------+-----
Short Blades   | 2 4 5 |  5.0
Stealth        | 5 |  5.0
Dodging        | 3 4 |  4.0
Fighting       | 2 4 |  4.0
Evocations     | 2 |  2.0
Spellcasting   | |  2.0
Hexes          | |  4.4

Action                   |  1- 3 |  4- 6 |  7- 9 || total
-------------------------+-------+-------+-------++-------
Melee: Dagger            |   247 |   402 |   126 ||   775
       Bite              |    20 |    56 |    24 ||   100
       Punch             |     2 |     9 |     4 ||    15
Throw: Stone             |     9 |     8 |     9 ||    26
       Throwing net      |       |       |     2 ||     2
Evoke: Wand              |       |     4 |     1 ||     5
  Use: Scroll            |     3 |     4 |     3 ||    10
       Potion            |       |     1 |       ||     1
 Stab: Sleeping          |     6 |     3 |       ||     9
       Distracted        |     1 |       |       ||     1
Armor: Robe              |     4 |       |       ||     4
       Ring mail         |   101 |    41 |       ||   142
       Scale mail        |       |   191 |    81 ||   272
Dodge: Dodged            |   108 |   155 |    32 ||   295

Table legend: (Time is in decaauts)
 A = Elapsed time spent in this place.
 B = Non-inter-level travel time spent in this place.
 C = Inter-level travel time spent in this place.
 D = Time resting spent in this place.
 E = Time spent auto-exploring this place.
 F = Levels seen in this place.
 G = Mean time per level.
                   A        B        C        D        E       F      G
               +--------+--------+--------+--------+--------+-----+--------+
         Total |   8316 |   7558 |    758 |   1760 |   2860 |   6 | 1386.0 |
       Dungeon |   8316 |   7558 |    758 |   1760 |   2860 |   6 | 1386.0 |
               +--------+--------+--------+--------+--------+-----+--------+

Top non-repeatable levels by time:
     D:2: 2598 daAuts
     D:4: 1730 daAuts
     D:1: 1613 daAuts
     D:3: 1274 daAuts
     D:5: 1000 daAuts
     D:6: 98 daAuts
